[Event "Early-Titled-Tuesday-Blitz-December-26-2023"]
[Site "Chess.com"]
[Date "2023.12.26"]
[Round "7"]
[White "PolinaYanch"]
[Black "GMJustin"]
[Result "0-1"]
[WhiteElo "1683"]
[BlackElo "2240"]
[TimeControl "180+1"]
[EndTime "9:14:58 PST"]
[Termination "GMJustin won by resignation"]

1. d4 Nf6 2. c4 g6 3. Nc3 Bg7 4. g3 O-O 5. Bg2 c5 6. d5 d6 7. Nf3 Na6 8. O-O Nc7 9. e4 a6 10. a4 Rb8 11. a5 b6 12. axb6 Rxb6 13. Qc2 e6 14. Bg5 h6 15. Bf4 exd5 16. exd5 Bf5 17.
Qd2 g5 18. Be3 Ne4 19. Nxe4 Bxe4 20. Ra2 Qf6 21. h4 Bxf3 22. hxg5 hxg5 23. Bxg5 Qf5 24.
Bh6 Bxg2 25. Bxg7 Qh3 26. Qh6 Qxh6 27. Bxh6 Bxf1 28. Bxf8 Bxc4 0-1

[Event "Early-Titled-Tuesday-Blitz-December-26-2023"]
[Site "Chess.com"]
[Date "2023.12.26"]
[Round "7"]
[White "Zurability"]
[Black "Msb2"]
[Result "0-1"]
[WhiteElo "2698"]
[BlackElo "3004"]
[TimeControl "180+1"]
[EndTime "9:14:59 PST"]
[Termination "Msb2 won by resignation"]

1. Nf3 d5 2. g3 e6 3. Bg2 Nf6 4.
O-O Bd6 5. c4 O-O 6. d4 Nc6 7. b3 dxc4 8. bxc4 e5 9. e3 Bg4 10. h3 Bh5 11. Bb2 e4 12. g4 exf3 13.
Qxf3 Bg6 14. Nd2 Re8 15. c5 Bxc5 16. dxc5 Qxd2 17. Bxf6 gxf6 18. Qxf6 Qd8 19. Qb2 Rb8 20. Rfd1 Qe7 21. Rac1 h5 22. gxh5 Bxh5 23. Rd5 Bg6 24. Rc4 Ne5 25. Rcd4 c6 26. Rd6 b6 27. Qc3 bxc5 28.
Qxc5 Qg5 29. Kh1 Rb1+ 30. Rd1 Rxd1+ 31. Rxd1 Qf6 32. Rd6 Qxf2 0-1

[Event "Early-Titled-Tuesday-Blitz-December-26-2023"]
[Site "Chess.com"]
[Date "2023.12.26"]
[Round "7"]
[White "Kostya0705"]
[Black "zverr1"]
[Result "0-1"]
[WhiteElo "2564"]
[BlackElo "2490"]
[TimeControl "180+1"]
[EndTime "9:15:25 PST"]
[Termination "zverr1 won by resignation"]

1. e4 c5 2. Nf3 g6 3. d4 cxd4 4. Nxd4 Nc6 5. Nc3 Bg7 6. Be3 Nf6 7. Bc4 Qa5 8. O-O O-O 9. Bb3 d6 10. h3 Bd7 11. f4 Nxd4 12. Bxd4 Bc6 13. Re1 Nd7 14.
Bxg7 Kxg7 15. Nd5 Qc5+ 16. Kh1 Bxd5 17. exd5 Rfe8 18. c3 Nf6 19. Qd3 a5 20. a4 Qb6 21.
Bc2 Nh5 22. Qd2 Rac8 23. b3 e6 24. dxe6 Rxe6 25. Rxe6 fxe6 26. Re1 d5 27. Bd1 Ng3+ 28. Kh2 Nf5 29. c4 Rd8 30. cxd5 Rxd5 31. Qe2 Qd6 32. Qg4 h5 33. Qe2 Qxf4+ 34. Kh1 Ng3+ 0-1

[Event "Early-Titled-Tuesday-Blitz-December-26-2023"]
[Site "Chess.com"]
[Date "2023.12.26"]
[Round "7"]
[White "JafarTheParrot"]
[Black "djokovic74"]
[Result "0-1"]
[WhiteElo "2513"]
[BlackElo "2649"]
[TimeControl "180+1"]
[EndTime "9:15:30 PST"]
[Termination "djokovic74 won by resignation"]

1. e4 e6 2. d4 d5 3. exd5 exd5 4. Nf3 Bd6 5. Bd3 Ne7 6. O-O O-O 7. h3 c6 8. Ne5 Na6 9. c3 Nc7 10. Bf4 Ng6 11. Bh2 Re8 12. f4 c5 13. Nd2 cxd4 14. cxd4 Nf8 15. Qh5 g6 16. Qh6 f5 17. Ndf3 Nfe6 18.
Nxg6 Qf6 19. Nfe5 hxg6 20. Rae1 Qg7 21. Qxg6 Bxe5 22. Qxe8+ Nxe8 0-1

[Event "Early-Titled-Tuesday-Blitz-December-26-2023"]
[Site "Chess.com"]
[Date "2023.12.26"]
[Round "7"]
[White "Ali_rastbod"]
[Black "AlexanderL"]
[Result "0-1"]
[WhiteElo "2722"]
[BlackElo "2860"]
[TimeControl "180+1"]
[EndTime "9:16:00 PST"]
[Termination "AlexanderL won by resignation"]

1. d4 e6 2. Nf3 c5 3. e3 Nf6 4. Bd3 b6 5. Nbd2 Bb7 6. Qe2 cxd4 7. exd4 g6 8. Nc4 d6 9. Bf4 Nh5 10. Bd2 Bg7 11. O-O-O O-O 12. Kb1 Nc6 13. c3 b5 14.
Na3 b4 15. cxb4 Nxd4 16. Nxd4 Bxd4 17. Bh6 Bg7 18. Bxg7 Kxg7 19. Be4 d5 20. Bf3 Nf6 21. Qe5 Kg8 22. h4 Nd7 23. Qg5 Qb6 24. h5 Qd8 25.
Qg3 Qf6 26. Nc4 Rad8 27. Ne3 Ne5 28. Ka1 g5 29. h6 Kh8 30. Ng4 Nxg4 31. Bxg4 d4 32. Bf3 Bxf3 33. gxf3 Rd5 34. Rd3 Rfd8 35. Rhd1 Qxh6 36. Qc7 R8d7 37. Qc8+ Kg7 38. a3 Qf6 39. Ka2 h5 40. Qb8 h4 41. Qh2 Qf4 42. Qg2 a5 43. bxa5 Rxa5 44. Re1 Re5 45. Red1 Re2 46. R1d2 Rxd2 0-1

[Event "Early-Titled-Tuesday-Blitz-December-26-2023"]
[Site "Chess.com"]
[Date "2023.12.26"]
[Round "7"]
[White "Alex_Sahakyan2006"]
[Black "Yurasova_Daria"]
[Result "1-0"]
[WhiteElo "2716"]
[BlackElo "2471"]
[TimeControl "180+1"]
[EndTime "9:16:00 PST"]
[Termination "Alex_Sahakyan2006 won by resignation"]

1. e4 e5 2. Nf3 Nc6 3. d4 exd4 4. Nxd4 Nf6 5. Nxc6 bxc6 6. e5 Qe7 7. Qe2 Nd5 8.
h4 g6 9. Bg5 Qb4+ 10. c3 Qb6 11. h5 Bg7 12. h6 Bf8 13. Rh4 a5 14. Qc2 Be7 15. Bxe7 Nxe7 16. Nd2 Nf5 17. Rh3 Rb8 18.
g4 Ne7 19. O-O-O O-O 20. Ne4 d5 21. exd6 cxd6 22. Nf6+ Kh8 23. Rxd6 Be6 24. Re3 Qc5 25. Qd2 Qg5 26. Qd4 c5 27. Qe5 Qxe5 28. Rxe5 Ng8 29. g5 Nxf6 30. gxf6 Rfc8 31. c4 Kg8 32. Ra6 Rb4 33.
Rxa5 Bxc4 34. Raxc5 1-0

[Event "Early-Titled-Tuesday-Blitz-December-26-2023"]
[Site "Chess.com"]
[Date "2023.12.26"]
[Round "7"]
[White "Dinosaurio_1975"]
[Black "defenceboy"]
[Result "1-0"]
[WhiteElo "2623"]
[BlackElo "2788"]
[TimeControl "180+1"]
[EndTime "9:16:01 PST"]
[Termination "Dinosaurio_1975 won by resignation"]

1. e4 c5 2. Nf3 Nc6 3. Bb5 g6 4. O-O Bg7 5. c3 Qb6 6. a4 Nf6 7. Re1 a6 8. Bc4 d6 9. h3 O-O 10. d4 cxd4 11. cxd4 Bd7 12. Nc3 Nb4 13. e5 Ne8 14. e6 Bxe6 15. Bxe6 fxe6 16. Rxe6 Nc6 17. Nd5 Qd8 18. Bg5 Nf6 19. Nxf6+ exf6 20. Bf4 d5 21. Qb3 Na5 22. Qb4 Nc4 23. Qxb7 Rf7 24. Qc6 Nxb2 25.
Rae1 Rc8 26. Re8+ Bf8 27. Qxc8 1-0

[Event "Early-Titled-Tuesday-Blitz-December-26-2023"]
[Site "Chess.com"]
[Date "2023.12.26"]
[Round "7"]
[White "disciplinedbrat"]
[Black "aksuliini1"]
[Result "1-0"]
[WhiteElo "2310"]
[BlackElo "2458"]
[TimeControl "180+1"]
[EndTime "9:16:02 PST"]
[Termination "disciplinedbrat won by checkmate"]

1. e4 c6 2. h4 d5 3. e5 c5 4. d4 cxd4 5. Nf3 Nc6 6. Bb5 Bg4 7. Bxc6+ bxc6 8. Qxd4 Bxf3 9. gxf3 e6 10. Rg1 Ne7 11. Nc3 Nf5 12. Qa4 Qb6 13. Bd2 Rb8 14.
h5 Bc5 15. Rf1 O-O 16. h6 Qxb2 17. Rb1 Qa3 18. Rxb8 Rxb8 19. Qxc6 Nd4 20. Qc7 Nxf3+ 21. Kd1 Re8 22. hxg7 Qa6 23. Rh1 Qb6 24. Qd7 Rd8 25.
Qa4 d4 26. Ne4 d3 27. Nf6+ Kxg7 28. Rxh7+ Kf8 29. Rh8+ Ke7 30. Re8+ Rxe8 31. Qxe8# 1-0

[Event "Early-Titled-Tuesday-Blitz-December-26-2023"]
[Site "Chess.com"]
[Date "2023.12.26"]
[Round "7"]
[White "stratacticos"]
[Black "Grammnik"]
[Result "0-1"]
[WhiteElo "1849"]
[BlackElo "2186"]
[TimeControl "180+1"]
[EndTime "9:16:05 PST"]
[Termination "Grammnik won by resignation"]

1. e4 c6 2. d4 d5 3. e5 c5 4. Nf3 Nc6 5. h3 Bf5 6. Bb5 e6 7. Bxc6+ bxc6 8. O-O h6 9. Be3 Rb8 10. b3 Qa5 11. Nbd2 g5 12. g4 Bg6 13. c4 h5 14.
Nxg5 hxg4 15. hxg4 Be7 16. Ngf3 Nh6 17. Bxh6 Rxh6 18.
Qe2 Kd7 19. Kg2 Rg8 20. Rh1 Rxh1 21. Kxh1 Qc3 22. Qd1 cxd4 23. Rc1 Qd3 24. Nf1 Qxd1 25. Rxd1 Be4 26. Nh2 Rxg4 27. Rxd4 Bxf3+ 28. Nxf3 Rxd4 29. Nxd4 Bc5 0-1

[Event "Early-Titled-Tuesday-Blitz-December-26-2023"]
[Site "Chess.com"]
[Date "2023.12.26"]
[Round "7"]
[White "Suleyman_Chess06"]
[Black "Shahdad2007"]
[Result "1-0"]
[WhiteElo "2617"]
[BlackElo "2340"]
[TimeControl "180+1"]
[EndTime "9:16:07 PST"]
[Termination "Suleyman_Chess06 won by resignation"]

1. Nf3 Nf6 2. g3 e6 3. Bg2 d5 4. d4 c5 5. O-O Nc6 6. c4 dxc4 7. Qa4 cxd4 8. Nxd4 Qxd4 9. Bxc6+ Bd7 10. Rd1 Bxc6 11. Qxc6+ bxc6 12. Rxd4 Rd8 13. Rxd8+ Kxd8 14. Nd2 c3 15. bxc3 Nd5 16. c4 Nb4 17. Ne4 Be7 18.
Be3 a6 19. Rb1 Kc8 20. Bc5 Bxc5 21. Nxc5 Nxa2 22. Nxa6 Rd8 23. Rb8+ Kd7 24. Nc5+ Ke8 25. Rb7 Nc3 26. e3 g6 27. Rc7 Rd6 28. Nb7 Rd1+ 29. Kg2 Rd2 30. c5 Ne4 31. Kf3 Ng5+ 32. Kg2 Ne4 33.
Rxc6 Rxf2+ 34. Kg1 Rc2 35. Rc7 g5 36. c6 g4 37. Kf1 Rd2 38. Ke1 Rxh2 39. Rd7 Rh1+ 40. Ke2 Nxg3+ 41. Kd2 Ne4+ 42. Kc2 Nf6 43. Rd8+ Ke7 44. c7 Rh2+ 45. Kb3 Rh3 46. c8=Q Rxe3+ 47. Ka4 Nd5 48. Rxd5 1-0

[Event "Early-Titled-Tuesday-Blitz-December-26-2023"]
[Site "Chess.com"]
[Date "2023.12.26"]
[Round "7"]
[White "Mikhail_Golubev"]
[Black "LileKoridze"]
[Result "1-0"]
[WhiteElo "2623"]
[BlackElo "2391"]
[TimeControl "180+1"]
[EndTime "9:16:09 PST"]
[Termination "Mikhail_Golubev won by resignation"]

1. e4 c5 2. Nf3 d6 3. d4 cxd4 4. Nxd4 Nf6 5. Nc3 a6 6. Bc4 e6 7. O-O b5 8. Bb3 Bb7 9. Re1 Nbd7 10. a4 b4 11. Nd5 exd5 12. exd5+ Be7 13. Nf5 O-O 14. Nxe7+ Kh8 15. Nf5 Ne5 16. Bg5 h6 17.
Bh4 Ng6 18. Bg3 Qb6 19. Nxd6 Rad8 20. Nxb7 Qxb7 21. d6 Rd7 22. Qe2 Rfd8 23. Rad1 Ne8 24. Bc4 Qb6 25. Bxa6 Nxd6 26. Bxd6 Rxd6 27. Rxd6 Rxd6 28.
Bd3 Rd8 29. b3 Qf6 30. Qe4 Qc3 31. g3 Rd6 32. Kg2 Kh7 33. Re3 Re6 34. Qxe6 fxe6 35. Bxg6+ Kxg6 36. Rxc3 bxc3 37. a5 1-0

[Event "Early-Titled-Tuesday-Blitz-December-26-2023"]
[Site "Chess.com"]
[Date "2023.12.26"]
[Round "7"]
[White "GMWSO"]
[Black "wonderfultime"]
[Result "1-0"]
[WhiteElo "3057"]
[BlackElo "3020"]
[TimeControl "180+1"]
[EndTime "9:16:12 PST"]
[Termination "GMWSO won by resignation"]

1. e4 e5 2. Nf3 Nc6 3. Bc4 Bc5 4. d3 d6 5. c3 Nf6 6. Bg5 a6 7. Nbd2 Ba7 8. Bb3 Qe7 9. h3 Nd8 10. d4 exd4 11. cxd4 h6 12. Bh4 g5 13. Bg3 Nxe4 14. O-O Nxg3 15. fxg3 c6 16. Qc2 g4 17. Rae1 Ne6 18. Nh4 Kd8 19. Nf5 Nxd4 20. Nxd4 Bxd4+ 21. Kh2 Be5 22. Nc4 Be6 23. Nxe5 dxe5 24. Rxe5 Re8 25. Qd2+ Kc7 26. Qf4 Kb6 27. Qe3+ c5 28. Rxf7 1-0

[Event "Early-Titled-Tuesday-Blitz-December-26-2023"]
[Site "Chess.com"]
[Date "2023.12.26"]
[Round "7"]
[White "tylityli"]
[Black "Lion_DL"]
[Result "0-1"]
[WhiteElo "2250"]
[BlackElo "2375"]
[TimeControl "180+1"]
[EndTime "9:16:17 PST"]
[Termination "Lion_DL won by checkmate"]

1. d4 Nf6 2. c4 e6 3. Nc3 Bb4 4. e3 O-O 5. Ne2 Re8 6. a3 Bf8 7. d5 b6 8. g3 Bb7 9. Bg2 d6 10. O-O e5 11. e4 a5 12. h3 Nbd7 13. Be3 Ba6 14. b3 Nc5 15. b4 axb4 16. axb4 Ncd7 17. Qb3 g6 18. Rfc1 Bg7 19. Bf1 Nh5 20. c5 bxc5 21. bxc5 Nxc5 22. Bxc5 dxc5 23. Na4 c4 24. Qc3 f5 25. Nc5 Bb5 26. Ne6 Qd7 27. Qb4 fxe4 28. Nxc7 Qxc7 29. Qxb5 Rxa1 30. Qxe8+ Bf8 31. Rxa1 e3 32.
fxe3 Qc5 33. Kf2 Nf6 34. Qe6+ Kg7 35. Qc6 Ne4+ 36. Kf3 Nd2+ 37. Kf2 Ne4+ 38. Kg2 Qxe3 39. Ra5 Qf2+ 40. Kh1 Qxf1+ 41. Ng1 Nxg3+ 42. Kh2 Qf2# 0-1

[Event "Early-Titled-Tuesday-Blitz-December-26-2023"]
[Site "Chess.com"]
[Date "2023.12.26"]
[Round "7"]
[White "FoxOnTheRun97"]
[Black "Witty_Alien"]
[Result "1-0"]
[WhiteElo "2577"]
[BlackElo "2457"]
[TimeControl "180+1"]
[EndTime "9:16:23 PST"]
[Termination "FoxOnTheRun97 won by checkmate"]

1. d4 d5 2. Bf4 Nf6 3. e3 e6 4. Nf3 Ne4 5. Nbd2 g5 6. Be5 Rg8 7. h3 f6 8. Bh2 Bd6 9. Nxe4 dxe4 10. Bxd6 Qxd6 11. Nd2 Qc6 12. Qh5+ Kf8 13. Qh6+ Kf7 14. Qxh7+ Rg7 15. Qxe4 Qb6 16. O-O-O Nc6 17. c3 f5 18. Qf3 Na5 19. Nc4 Nxc4 20. Bxc4 Kf6 21. g4 Qc6 22. Qe2 Bd7 23. d5 exd5 24. Bxd5 Qb6 25. gxf5 Bxf5 26. e4 Be6 27. Qf3+ Ke7 28. Bxe6 Qxe6 29. Qg3 Qb6 30.
Qe5+ Kf7 31. Rd7+ Kg8 32. Qxg7# 1-0

[Event "Early-Titled-Tuesday-Blitz-December-26-2023"]
[Site "Chess.com"]
[Date "2023.12.26"]
[Round "7"]
[White "whitemirrorninja"]
[Black "Chempiblinka"]
[Result "1-0"]
[WhiteElo "2542"]
[BlackElo "2273"]
[TimeControl "180+1"]
[EndTime "9:16:26 PST"]
[Termination "whitemirrorninja won on time"]

1. d4 Nf6 2. Nc3 d5 3. Bf4 g6 4.
e3 Bg7 5. h4 h5 6. Be2 O-O 7. Nf3 b6 8. Ne5 c5 9. g4 hxg4 10.
Nxg4 Nxg4 11. Bxg4 Bxg4 12. Qxg4 cxd4 13. exd4 Bxd4 14.
h5 Qc8 15. Qh4 Bxc3+ 16. bxc3 Qxc3+ 17. Ke2 Qxc2+ 18. Kf3 Qe4+ 19. Kg3 e5 20. Bg5 Qxh4+ 21.
Bxh4 Nd7 22. Rad1 d4 23. f4 Rac8 24. fxe5 Rc3+ 25. Kf4 Nc5 26. hxg6 Ne6+ 27. Ke4 Re3+ 28. Kd5 d3 29. Bf6 Nf4+ 30. Kd4 Nxg6 31. Kxe3 1-0

[Event "Early-Titled-Tuesday-Blitz-December-26-2023"]
[Site "Chess.com"]
[Date "2023.12.26"]
[Round "7"]
[White "jcmesafischer"]
[Black "jlmanzanares"]
[Result "1-0"]
[WhiteElo "2339"]
[BlackElo "2017"]
[TimeControl "180+1"]
[EndTime "9:16:31 PST"]
[Termination "jcmesafischer won by checkmate"]

1. e4 d6 2. d4 Nf6 3. Nc3 g6 4. Nf3 Bg7 5. Bc4 c6 6. Qe2 O-O 7. O-O Bg4 8. e5 dxe5 9. dxe5 Nfd7 10. e6 Ne5 11. exf7+ Kh8 12. Bf4 Nxf3+ 13. gxf3 Bh3 14. Rfd1 Qa5 15. Qxe7 Na6 16. Ne4 Qf5 17. Qg5 b5 18.
Bb3 Rxf7 19. Bxf7 Qxf7 20. Be5 Rf8 21. Bxg7+ Kxg7 22. Qe5+ Kg8 23. Ng5 Qf5 24. Qe7 Nc5 25.
Qxh7# 1-0

[Event "Early-Titled-Tuesday-Blitz-December-26-2023"]
[Site "Chess.com"]
[Date "2023.12.26"]
[Round "7"]
[White "OneTrickPony_82"]
[Black "Vincent_Vega95"]
[Result "0-1"]
[WhiteElo "2471"]
[BlackElo "2847"]
[TimeControl "180+1"]
[EndTime "9:16:32 PST"]
[Termination "Vincent_Vega95 won by resignation"]

1. d4 Nf6 2. c4 e6 3. Nf3 c5 4. d5 d6 5. Nc3 g6 6. e4 Bg7 7. Be2 O-O 8. O-O Na6 9. h3 e5 10. g4 h5 11. g5 Nh7 12. Kh2 Qd7 13. Ng1 f5 14. h4 Nc7 15. f3 Rf7 16. a4 Na6 17. Be3 Nb4 18. Rf2 Bf8 19. Bf1 Be7 20. Bh3 Qd8 21. Nge2 f4 22. Bc1 a6 23. Na2 Nxa2 24.
Rxa2 Bxh3 25. Kxh3 Qd7+ 26. Kh2 Bd8 27. Bd2 Rb8 28. Nc3 Ba5 29. Qf1 Nf8 30. Qh3 Qc7 31.
Rf1 Qb6 32. Nb1 Qb3 33. Bxa5 Qxa2 34. Bc3 Qxc4 35. a5 Qd3 36. Nd2 b5 37. axb6 Rxb6 38. Ra1 Rfb7 39. Kg1 Rxb2 40. Bxb2 Qxd2 41. Bc1 Qd4+ 42.
Kh1 Qxa1 0-1

[Event "Early-Titled-Tuesday-Blitz-December-26-2023"]
[Site "Chess.com"]
[Date "2023.12.26"]
[Round "7"]
[White "IlanSchnaider"]
[Black "HajiyevKanan"]
[Result "0-1"]
[WhiteElo "2674"]
[BlackElo "2610"]
[TimeControl "180+1"]
[EndTime "9:16:32 PST"]
[Termination "HajiyevKanan won by checkmate"]

1. e4 c6 2. Nf3 d5 3. Nc3 a6 4. d4 Bg4 5. Be2 e6 6. h3 Bh5 7.
O-O Nf6 8. exd5 cxd5 9. Bf4 Nc6 10. Ne5 Bxe2 11. Nxe2 Bd6 12. c3 Bxe5 13. dxe5 Nd7 14.
Nd4 Ndxe5 15. Re1 Ng6 16. Be3 O-O 17. Nxc6 bxc6 18. Bc5 Re8 19. a4 Qg5 20. a5 e5 21.
c4 e4 22. Be3 Qf5 23. cxd5 cxd5 24. Ra4 Ne5 25. Rd4 Red8 26. Kh1 Nc6 27. Rd2 Nxa5 28.
Bb6 Nc4 29. Bxd8 Nxd2 30. Qxd2 Rxd8 31. Rc1 h6 32. Qa5 Qd7 33. Qxa6 d4 34. Re1 d3 35.
Qa5 d2 36. Rd1 Qd4 37. b3 Rd5 38. Qa8+ Kh7 39. Qc8 Qxf2 40. Qg4 f5 41. Qh5 e3 42.
Kh2 e2 43. Qf7 exd1=Q 44. Qxd5 Qdg1# 0-1

[Event "Early-Titled-Tuesday-Blitz-December-26-2023"]
[Site "Chess.com"]
[Date "2023.12.26"]
[Round "7"]
[White "Drags95"]
[Black "rasmussvane"]
[Result "0-1"]
[WhiteElo "2796"]
[BlackElo "2931"]
[TimeControl "180+1"]
[EndTime "9:16:33 PST"]
[Termination "rasmussvane won by resignation"]

1. d4 d5 2. c4 e6 3. Nf3 a6 4. Bg5 Be7 5. Bxe7 Nxe7 6. Nbd2 O-O 7. g3 Nd7 8. Bg2 c5 9. O-O dxc4 10. Nxc4 b5 11.
Nce5 c4 12. Ng5 Ra7 13. a4 h6 14. Ne4 Qb6 15. b3 cxb3 16. Qxb3 Qxd4 17. Nxd7 Bxd7 18.
Rfd1 Qe5 19. Qa3 Nd5 20. Nc5 b4 21. Qb3 Bc6 22. e4 Nc3 23. Nd3 Qb8 24. Re1 a5 25. Rac1 Rd8 26. Nf4 Bxa4 27. Qb2 Bb5 28. e5 Rad7 0-1

[Event "Early-Titled-Tuesday-Blitz-December-26-2023"]
[Site "Chess.com"]
[Date "2023.12.26"]
[Round "7"]
[White "PabloZarnicki"]
[Black "TheFireChess"]
[Result "1-0"]
[WhiteElo "2648"]
[BlackElo "2507"]
[TimeControl "180+1"]
[EndTime "9:16:38 PST"]
[Termination "PabloZarnicki won by resignation"]

1. e4 c6 2. d4 d5 3. Nc3 b5 4. a3 dxe4 5. Nxe4 Bf5 6. Ng3 Bg6 7. N1e2 e6 8. Nf4 Bd6 9. h4 Bxf4 10. Bxf4 h6 11.
h5 Bh7 12. Qg4 Bxc2 13. Qxg7 Qf6 14. Qxf6 Nxf6 15. Be2 Nbd7 16. Rc1 Nd5 17. Rxc2 Nxf4 18. Rxc6 Ke7 19. Bf3 Rac8 20. Kd2 Nb6 21. Rxc8 Rxc8 22.
b3 f5 23. Ne2 Nfd5 24. Rc1 Rxc1 25. Nxc1 a5 26. Nd3 b4 27. a4 Kf6 28. Nc5 Kg5 29.
Nxe6+ Kh4 30. Nc5 Nf6 31. Nb7 Nxh5 32. Bxh5 Kxh5 33. Nxa5 Kg4 34. Nc4 Nd5 35. a5 Nc7 36. d5 Nxd5 37. Ne3+ Nxe3 38. Kxe3 f4+ 39. Ke2 f3+ 40.
gxf3+ Kf4 41. a6 h5 42. a7 h4 43. a8=Q 1-0

[Event "Early-Titled-Tuesday-Blitz-December-26-2023"]
[Site "Chess.com"]
[Date "2023.12.26"]
[Round "7"]
[White "ploxoi"]
[Black "isaak2009"]
[Result "0-1"]
[WhiteElo "2497"]
[BlackElo "2617"]
[TimeControl "180+1"]
[EndTime "9:16:39 PST"]
[Termination "isaak2009 won by checkmate"]

1. d4 d5 2. c4 c6 3. Nf3 Nf6 4. e3 e6 5. b3 Nbd7 6. Bd3 Bb4+ 7. Nbd2 O-O 8. O-O b6 9. Bb2 Bb7 10. a3 Bd6 11. Qc2 c5 12. cxd5 exd5 13. Rac1 Rc8 14.
Qb1 h6 15. Rfd1 Qe7 16. Bf5 g6 17. dxc5 bxc5 18. Bh3 Rc7 19. b4 c4 20. Bd4 a6 21.
Qb2 Re8 22. Re1 h5 23. Rcd1 Ng4 24. Nb1 Ndf6 25. Bxg4 Nxg4 26. h3 Nh6 27. Bf6 Qe6 28. Bc3 Nf5 29. Nd4 Qe5 30. Nxf5 Qh2+ 31. Kf1 gxf5 32.
Bd4 f4 33. Nc3 Re6 34. Ne2 f3 35. gxf3 Qxh3+ 36. Kg1 Bh2+ 37. Kh1 Bg3+ 38. Kg1 Qh2+ 39. Kf1 Qxf2# 0-1

[Event "Early-Titled-Tuesday-Blitz-December-26-2023"]
[Site "Chess.com"]
[Date "2023.12.26"]
[Round "7"]
[White "NowInChess"]
[Black "PavelChernomordik"]
[Result "0-1"]
[WhiteElo "2292"]
[BlackElo "2423"]
[TimeControl "180+1"]
[EndTime "9:16:39 PST"]
[Termination "PavelChernomordik won by resignation"]

1. e4 g6 2. d3 Bg7 3. g3 h5 4. h3 c5 5. Bg2 Nc6 6. f4 e5 7. Nf3 d6 8. Nc3 Nge7 9. f5 gxf5 10. Nh4 Nd4 11. O-O f4 12. gxf4 Ng6 13. Nxg6 fxg6 14. Nd5 Be6 15. c3 Nc6 16. Ne3 exf4 17. Rxf4 Qd7 18.
Nd5 O-O-O 19. Rf3 Ne5 20. Rg3 h4 21. Rg5 Bxh3 22. Bf4 Bxg2 23. Kxg2 h3+ 24. Kh1 Rdf8 25. Bxe5 Bxe5 26. Qe2 Qe6 27. b4 cxb4 28. Rag1 bxc3 29. Nxc3 Bxc3 30. Qc2 Qf6 31. Rxg6 Qf3+ 32. Kh2 Qf2+ 33. Kh1 Qxc2 0-1

[Event "Early-Titled-Tuesday-Blitz-December-26-2023"]
[Site "Chess.com"]
[Date "2023.12.26"]
[Round "7"]
[White "AGW2016"]
[Black "viktorskliarov"]
[Result "1/2-1/2"]
[WhiteElo "2562"]
[BlackElo "2647"]
[TimeControl "180+1"]
[EndTime "9:16:40 PST"]
[Termination "Game drawn by stalemate"]

1. d4 Nf6 2. c4 e6 3. Nf3 b6 4.
g3 Bb7 5. Bg2 Be7 6. O-O O-O 7.
Nc3 Ne4 8. Qc2 Nxc3 9. Qxc3 d6 10. b3 Nd7 11. Bb2 a5 12. Nd2 Bxg2 13. Kxg2 e5 14.
e4 exd4 15. Qc2 c5 16. Rae1 a4 17. Nf3 Bf6 18. bxa4 Qc7 19. g4 g6 20. Bc1 Qc6 21. Bh6 Rfe8 22. h4 Qxa4 23. Qc1 Qxa2 24. h5 d3 25. Qf4 Qxc4 26. hxg6 fxg6 27. g5 Bh8 28. Qxd6 Ne5 29. Nd2 Qe6 30. Qxe6+ Rxe6 31. f4 Ng4 32. f5 gxf5 33. exf5 Ne3+ 34. Kf3 Nxf1 35. Rxe6 Nxd2+ 36. Ke3 Nc4+ 37. Kxd3 Ne5+ 38. Ke4 Nf7 39. Rxb6 Nxh6 40. Rxh6 Rc8 41. f6 c4 42. Rh2 c3 43. Kd3 c2 44. Rxc2 Rxc2 45. Kxc2 Kf7 46. Kd3 Kg6 47. Ke4 Kxg5 48. Kf3 Bxf6 49. Kg2 Kg4 50. Kh1 Bd4 51. Kh2 h5 52. Kh1 h4 53. Kh2 h3 54.
Kh1 Kg3 1/2-1/2

[Event "Early-Titled-Tuesday-Blitz-December-26-2023"]
[Site "Chess.com"]
[Date "2023.12.26"]
[Round "7"]
[White "Alex_Banzea"]
[Black "mbojan"]
[Result "0-1"]
[WhiteElo "2650"]
[BlackElo "2909"]
[TimeControl "180+1"]
[EndTime "9:16:42 PST"]
[Termination "mbojan won on time"]

1. d4 g6 2. Nc3 Nf6 3. e4 d5 4. exd5 Nxd5 5. Bc4 Nxc3 6. bxc3 Bg7 7. Nf3 c5 8. O-O O-O 9. Re1 Nc6 10. Be3 cxd4 11. cxd4 Na5 12. Bd3 Be6 13. Bd2 Rc8 14. Rxe6 fxe6 15.
Qe1 Nc6 16. Qxe6+ Kh8 17. Qh3 Nxd4 18. Ng5 h6 19. Re1 Rc5 20. Bxg6 Qc8 21. Qh4 Nf5 22.
Qh3 Rxc2 0-1

[Event "Early-Titled-Tuesday-Blitz-December-26-2023"]
[Site "Chess.com"]
[Date "2023.12.26"]
[Round "7"]
[White "malakismayil"]
[Black "Sofia_Blokhin"]
[Result "1-0"]
[WhiteElo "2528"]
[BlackElo "2318"]
[TimeControl "180+1"]
[EndTime "9:16:45 PST"]
[Termination "malakismayil won on time"]

1. e4 c5 2. Nf3 d6 3. Bb5+ Bd7 4.
Bxd7+ Qxd7 5. c4 e5 6. O-O Nc6 7. Nc3 Be7 8. a3 Bd8 9. b4 b6 10. bxc5 bxc5 11. Rb1 Nge7 12. d3 Ng6 13. Nd5 O-O 14.
Be3 f5 15. Rb3 f4 16. Bd2 Nh4 17. Bc3 Nxf3+ 18. Qxf3 g5 19. h3 Qf7 20. Rfb1 Qg6 21.
Rb7 Rf7 22. Rxf7 Qxf7 23. h4 h6 24. hxg5 hxg5 25. Qg4 Kh7 26. f3 Kg6 27. Kf2 Nd4 28.
Bxd4 cxd4 29. Rh1 Kg7 30. Qh3 Qg6 31. Qh8+ Kf7 32. Rh7+ Ke6 33. Rh6 1-0

[Event "Early-Titled-Tuesday-Blitz-December-26-2023"]
[Site "Chess.com"]
[Date "2023.12.26"]
[Round "7"]
[White "vugarrasulov"]
[Black "rquery98"]
[Result "1-0"]
[WhiteElo "2938"]
[BlackElo "2763"]
[TimeControl "180+1"]
[EndTime "9:16:46 PST"]
[Termination "vugarrasulov won by resignation"]

1. d4 d5 2. c4 e6 3. Nc3 Nf6 4. Bg5 dxc4 5. Nf3 c5 6. e3 a6 7.
dxc5 Qxd1+ 8. Rxd1 Bxc5 9. Bxc4 b5 10. Bd3 Bb7 11. Bxf6 gxf6 12. Be4 Nc6 13. g4 h5 14.
g5 f5 15. Bd3 Ne5 16. Nxe5 Bxh1 17. f3 Bd6 18. Bxb5+ axb5 19. Rxd6 b4 20. Nb5 O-O 21. g6 f6 22. Nd7 Rfd8 23. Nc7 Bxf3 24. Nxa8 Rxa8 25.
Rxe6 Rxa2 26. Nxf6+ Kf8 27. Rd6 Ra7 28. Kf2 Be4 29. Nxh5 Ra2 30. g7+ Kf7 31. Rf6+ Ke7 1-0

[Event "Early-Titled-Tuesday-Blitz-December-26-2023"]
[Site "Chess.com"]
[Date "2023.12.26"]
[Round "7"]
[White "wqws"]
[Black "ShahMatKanal"]
[Result "1-0"]
[WhiteElo "2726"]
[BlackElo "2522"]
[TimeControl "180+1"]
[EndTime "9:16:46 PST"]
[Termination "wqws won on time"]

1. e4 c5 2. Nf3 d6 3. d4 cxd4 4. Nxd4 Nf6 5. Nc3 a6 6. Bg5 e6 7. f4 Be7 8. Qf3 Qc7 9. O-O-O Nbd7 10. Bd3 h6 11. Bh4 b5 12. Rhe1 Bb7 13. Qh3 O-O-O 14.
a3 Kb8 15. e5 dxe5 16. fxe5 Ng8 17. Bg3 Bg5+ 18. Kb1 Ne7 19. Ne4 Nd5 20. Nd6 Rhf8 21. Nxb7 Qxb7 22. Be4 Nc5 23. Bf3 Qb6 24. Bf2 Qc7 25. Qg4 Rc8 26. h4 Be7 27. Qxg7 b4 28. axb4 Nxb4 29. Re3 Nd5 30. Bxd5 exd5 31. Rc3 Qa5 32.
Nb3 Nxb3 33. Rxb3+ Ka8 34. Qxh6 Qc7 35. Qxa6+ 1-0